 Dungeon Crawl Stone Soup version 0.30-a0-718-geaa24f58ff (webtiles) character file.

Game seed: 1730039995000582868

103 bmack86 the Trooper (level 4, -1/41 HPs)
             Began as a Minotaur Fighter on Jan 26, 2023.
             Slain by an orc
             ... wielding a +1 hand axe of electrocution
              (5 damage)
             ... on level 4 of the Dungeon.
             The game lasted 00:06:25 (2027 turns).

bmack86 the Trooper (Minotaur Fighter)              Turns: 2027, Time: 00:06:26

Health: -1/41      AC: 15    Str: 22    XL:     4   Next: 51%
Magic:  3/3        EV:  6    Int:  5    God:
Gold:   65         SH:  4    Dex: 10    Spells: 3/3 levels left

rFire   . . .      SeeInvis .    a - +0 war axe
rCold   . . .      Faith    .    c - +0 buckler
rNeg    . . .      Spirit   .    n - +0 plate armour
rPois   .          Reflect  .    (helmet restricted)
rElec   .          Harm     .    f - +0 cloak
rCorr   .          Rampage  .    m - +0 pair of gloves
Will    .....                    i - +0 pair of boots Stlth
                                 (no amulet)
HPRegen 0.26/turn                (no ring)
MPRegen 0.08/turn                (no ring)

@: no status effects
A: horns 2, retaliatory headbutt
a: no special abilities


You were on level 4 of the Dungeon.
You visited 1 branch of the dungeon, and saw 4 of its levels.

You collected 65 gold pieces.

Inventory:

Hand Weapons
 a - a +0 war axe (weapon)
Missiles
 b - 6 silver boomerangs (quivered)
 h - 3 poisoned darts
Armour
 c - a +0 buckler (worn)
 f - a +0 cloak (worn)
 i - a +0 pair of boots (worn)
 k - a scarf of shadows
 m - a +0 pair of gloves (worn)
 n - a +0 plate armour (worn)
 t - a scarf of harm
Scrolls
 e - 2 scrolls of butterflies
 g - a scroll of enchant weapon
 j - a scroll of teleportation {unknown}
 o - 2 scrolls of vulnerability {unknown}
 s - a scroll of silence {unknown}
Potions
 d - a potion of might
 l - 3 potions of flight
 p - 2 potions of lignification
 q - a potion of berserk rage {unknown}
 r - a potion of mutation {unknown}


   Skills:
 + Level 4.3 Fighting
 * Level 3.9 Axes
 + Level 1.1 Throwing
 + Level 4.2 Armour
 + Level 4.2 Shields


You had 3 spell levels left.
You didn't know any spells.
Your spell library was empty.

Dungeon Overview and Level Annotations

Branches:
Dungeon (4/15)
 Temple: D:4-7

Altars:

Annotations:
D:3 2 transporters, wormed's ghost, amateur GnWn


Innate Abilities, Weirdness & Mutations

You have a pair of horns on your head.
You reflexively headbutt those who attack you in melee.


Message History

The ball python is moderately wounded.
The ball python bites you. The ball python constricts you.
You block the ball python's attack. The ball python constricts you.
You closely miss the ball python. Your headbutt misses the ball python.
The ball python is moderately wounded.
The ball python bites you but does no damage.
The ball python constricts you.
The ball python bites you but does no damage.
The ball python constricts you.
You barely miss the ball python. Your headbutt misses the ball python.
The ball python is moderately wounded.
The ball python bites you but does no damage.
The ball python constricts you.
You slash the ball python!
You kill the ball python!
You see here a +0 ring mail.
Partly explored, unvisited transporter.
There is a stone staircase leading down here.
You climb downwards.
Found two stone staircases leading up.
There is a stone staircase leading up here.
There is a stone staircase leading up here.
Found a stone staircase leading down.
Found 8 gold pieces.
Found 7 gold pieces.
An orc priest comes into view. It is wielding a +0 hand axe.
The orc priest invokes the aid of Beogh against you.
Beogh smites you!
There is a stone staircase leading down here.
An orc comes into view.
It is wielding a +1 hand axe of electrocution.
The orc priest miscasts a cantrip.
You barely miss the orc. The orc hits you but does no damage.
You barely miss the orc.
The orc hits you with a +1 hand axe of electrocution.
You are electrocuted!!
* * * LOW HITPOINT WARNING * * *
You barely miss the orc.
The orc priest looks braver for a moment.
The orc hits you with a +1 hand axe of electrocution.
You die...

.. #.# #. #.#
#. #.#### #.
#.... #.##$.#
#.#...#
#..$#o#
#...o@#
#..#..#
#..##....
#.>#####...
#.....# ## .
##.##..... ...
#.########...#
#....<.<....<#
###########.##


You could see an orc priest and an orc.

Vanquished Creatures
  3 adders
  5 orcs (D:3)
  10 ball pythons
  5 endoplasms
  4 giant cockroaches
  4 goblins
  8 hobgoblins
  4 jackals (D:1)
  4 quokkas
  3 bats
  2 frilled lizards (D:2)
  8 kobolds
  3 rats
63 creatures vanquished.

Vanquished Creatures (others)
  2 plants (D:2)
2 creatures vanquished.

Grand Total: 65 creatures vanquished

Notes
Turn   | Place    | Note
-------+----------+-------------------------------------------
     0 | D:1      | bmack86 the Minotaur Fighter began the quest for the Orb.
     0 | D:1      | Reached XP level 1. HP: 19/19 MP: 0/0
   129 | D:1      | Reached XP level 2. HP: 19/27 MP: 1/1
   173 | D:1      | Found a faded altar of an unknown god.
   623 | D:2      | Reached XP level 3. HP: 30/33 MP: 2/2
  1383 | D:3      | Reached XP level 4. HP: 37/40 MP: 3/3
  1449 | D:3      | Noticed wormed's ghost (amateur GnWn)
  1468 | D:3      | Found a transporter.
  1490 | D:3      | Found a transporter.
  1540 | D:3      | Reached skill level 1 in Throwing
  2027 | D:4      | Slain by an orc

Illustrated notes

Levels and vault maps discovered:
D:1:      lightli_arrival_quake, layout_rooms, ebering_ecumenical_altar_box,
          hangedman_feature_mirror
D:2:      layout_basic, serial_forest, infiniplex_forest_lined_corner,
          infiniplex_forest_clump_curved, infiniplex_forest_lined_2,
          infiniplex_forest_clump_C, infiniplex_forest_lined_1,
          infiniplex_forest_lined_room_2, infiniplex_forest_clump_curved,
          infiniplex_forest_end_3, infiniplex_forest_lined_2
D:3:      layout_loops_ring, gammafunk_ghost_stat_death,
          nicolae_figureground_sparkle
D:4:      layout_loops_ring, nzn_overflow_gifts_of_might_and_magic,
          minmay_temple_entry_junction, minmay_misc_feat_iff, uniq_ijyb,
          uniq_menkaure

Skill      XL: |  1  2  3  4 |
---------------+-------------+-----
Axes           | 3 |  3.9
Fighting       | 4 |  4.3
Shields        | 4 |  4.2
Armour         | 4 |  4.2
Throwing       | 1 |  1.1

Action                     |  1- 3 |  4- 6 || total
---------------------------+-------+-------++-------
  Melee: War axe           |    89 |    39 ||   128
         Headbutt          |     8 |     5 ||    13
  Throw: Boomerang         |     4 |       ||     4
    Use: Scroll            |     4 |       ||     4
 Armour: Scale mail        |    41 |       ||    41
         Plate armour      |    13 |    30 ||    43
  Dodge: Dodged            |    41 |    10 ||    51
  Block: Buckler           |    30 |     3 ||    33

Table legend: (Time is in decaauts)
 A = Elapsed time spent in this place.
 B = Non-inter-level travel time spent in this place.
 C = Inter-level travel time spent in this place.
 D = Time resting spent in this place.
 E = Time spent auto-exploring this place.
 F = Levels seen in this place.
 G = Mean time per level.
                   A        B        C        D        E       F      G
               +--------+--------+--------+--------+--------+-----+--------+
         Total |   2073 |   2031 |     42 |      0 |   1351 |   4 |  518.2 |
       Dungeon |   2073 |   2031 |     42 |      0 |   1351 |   4 |  518.2 |
               +--------+--------+--------+--------+--------+-----+--------+

Top non-repeatable levels by time:
     D:2: 738 daAuts
     D:3: 737 daAuts
     D:1: 578 daAuts
     D:4: 19 daAuts
